 Dungeon Crawl Stone Soup version 0.29-a0-653-gd47aff6735 (webtiles) character file.

Game seed: 12388163558107003587

105 Newt the Skirmisher (level 4, -6/37 HPs)
             Began as a Demonspawn Abyssal Knight on June 21, 2022.
             Was a Priest of Lugonu.
             Engulfed by a cloud of poison gas (8 damage)
             ... on level 3 of the Dungeon.
             The game lasted 00:12:03 (2065 turns).

Newt the Skirmisher (Demonspawn Abyssal Knight)     Turns: 2065, Time: 00:12:03

Health: -6/37      AC:  6    Str: 16    XL:     4   Next: 53%
Magic:  5/6        EV:  9    Int: 11    God:    Lugonu [***...]
Gold:   101        SH:  0    Dex: 15    Spells: 3/3 levels left

rFire   . . .      SeeInvis .   a - +1 spear
rCold   . . .      Faith    +   (no shield)
rNeg    . . .      Spirit   .   i - +0 scale mail
rPois   .          Reflect  .   (no helmet)
rElec   .          Harm     .   (no cloak)
rCorr   .          Rampage  .   (no gloves)
Will    .....                   (no boots)
Stlth   +.........              c - amulet of faith
HPRegen 0.12/turn               (no ring)
MPRegen 0.10/turn               (no ring)

@: lethally poisoned (-6 -> -25)
A: thin skeletal structure 1, demonic magic 1
a: Renounce Religion, Depart the Abyss, Bend Space, Banish


You were on level 3 of the Dungeon.
You worshipped Lugonu.
Lugonu was most pleased with you.
You visited 1 branch of the dungeon, and saw 4 of its levels.
You visited the Abyss 1 time.

You collected 101 gold pieces.

Inventory:

Hand Weapons
 a - a +1 spear (weapon)
Armour
 b - a +0 leather armour
 i - a +0 scale mail (worn)
Jewellery
 c - an amulet of faith (around neck)
 l - a ring of poison resistance
Scrolls
 h - a scroll of identify {unknown}
 j - a scroll of poison
 k - a scroll of enchant weapon {unknown}


   Skills:
 + Level 3.7 Fighting
 * Level 3.1 Polearms
 + Level 2.4 Armour
 - Level 0.8 Dodging
 * Level 3.2 Invocations


You had 3 spell levels left.
You didn't know any spells.
Your spell library was empty.

Dungeon Overview and Level Annotations

Branches:
Dungeon (4/15)
 Temple: D:4-7

Altars:
Trog


Innate Abilities, Weirdness & Mutations

You have a somewhat thin skeletal structure. (Dex +2, Stealth+)
Spells you cast may paralyse adjacent enemies.


Message History

You miss the orc wizard.
The orc wizard is almost dead.
You bump into the rock wall.
An orc comes into view. It is wielding a +0 falchion.
The orc wizard hits you but does no damage.
There is a stone staircase leading up here.
The orc closely misses you.
The orc wizard hits you with a +0 dagger.
In your confused state, you trip and fall back down the stairs.
You feel less confused.
The orc wizard gestures wildly while chanting.
The orc wizard flickers and vanishes!
Deactivating autopickup; reactivate with Ctrl-A.
The orc hits you but does no damage. The orc hits you with a +0 falchion.
You hear some strange, mumbled words.
A magic dart appears from out of thin air!
The magic dart hits you.
You climb upwards.
Reactivating autopickup.
There is a stone staircase leading down, spattered with blood here.
You hit the orc.
The orc is severely wounded.
You hear some strange, mumbled words.
A magic dart appears from out of thin air!
Deactivating autopickup; reactivate with Ctrl-A.
The magic dart hits you!
* * * LOW HITPOINT WARNING * * *
The orc hits you but does no damage.
Okay, then.
You aren't carrying any potions.
The air fills with toxic fumes!
As you read the scroll of poison, it crumbles to dust.
Something hits you.
* * * LOW HITPOINT WARNING * * *
The orc misses you.
Unknown command.
Space bends violently around you!
You blink.
You are engulfed in poison gas.
You are lethally poisoned!
You die...

###########
#§§.......#
#§#######.####
#o# #.....#
#§#
####.....#####
#{#
#.............
#§#
#.##.....#####
#§# #.##.....#
##.
#@###.###.####
#..
#§§.......#
##.
###.....### ##
.#. ..#
#......## #
#.#. # #.#
#.^.....# #
... #.#. #.#
#......## ##
.## #.#.###.#
#.....## ##.
..## .......#
#####.## ##.[
...## ##.##..#
#..## ##...


You could see an orc.

Vanquished Creatures
  An orc priest (D:3)
  An adder (D:2)
  2 worms
  An orc (D:3)
  4 ball pythons
  5 bats
  3 endoplasms (D:1)
  3 giant cockroaches
  A goblin (D:2)
  5 hobgoblins
  A quokka (D:1)
  4 frilled lizards
  A kobold (D:1)
32 creatures vanquished.

Vanquished Creatures (others)
  7 plants (D:2)
7 creatures vanquished.

Grand Total: 39 creatures vanquished

Notes
Turn   | Place    | Note
-------+----------+-------------------------------------------
     0 | Abyss:1  | Newt the Demonspawn Abyssal Knight began the quest for the
                  | Orb.
     0 | Abyss:1  | Reached XP level 1. HP: 18/18 MP: 2/2
     9 | D:1      | Escaped the Abyss
   195 | D:1      | Gained mutation: You have a somewhat thin skeletal
                  | structure. (Dex +2, Stealth+) [demonic ancestry]
   195 | D:1      | Reached XP level 2. HP: 22/24 MP: 3/3
   520 | D:2      | Found a faded altar of an unknown god.
   671 | D:2      | Reached *** piety under Lugonu
   672 | D:2      | Gained mutation: Spells you cast may paralyse adjacent
                  | enemies. [demonic ancestry]
   672 | D:2      | Reached XP level 3. HP: 10/29 MP: 2/5
  1091 | D:3      | Found a bloodstained altar of Trog.
  1543 | D:3      | Reached XP level 4. HP: 37/37 MP: 6/6
  2065 | D:3      | Engulfed by a cloud of poison gas

Illustrated notes

Levels and vault maps discovered:
D:1:      psy_arrival_radial02, layout_basic
D:2:      layout_rooms, serial_forest, infiniplex_forest_lined_2,
          infiniplex_forest_corner_1, infiniplex_forest_zigzag_1,
          infiniplex_forest_end_2, infiniplex_forest_lined_3,
          infiniplex_forest_clump_diagonal, infiniplex_forest_straight_2,
          infiniplex_forest_side_room, infiniplex_forest_clump_diagonal,
          infiniplex_forest_lined_room_2, hellmonk_ecumenical_altar_blasted
D:3:      layout_loops_corners, mainiacjoe_overflow_cross_hatched
D:4:      corexii_shack_village, layout_basic,
          chequers_temple_overflow_statue_of_worship,
          cheibrodos_sewer_entry_bend

Skill      XL: |  1  2  3  4 |
---------------+-------------+-----
Armour         | 2 |  2.4
Polearms       | 2 3 |  3.1
Invocations    | 3 |  3.2
Fighting       | |  3.7
Dodging        | |  0.8

Action                   |  1- 3 |  4- 6 || total
-------------------------+-------+-------++-------
Melee: Spear             |   128 |    31 ||   159
       Punch             |       |     1 ||     1
Invok: Bend Space        |     2 |     1 ||     3
       Banish            |     1 |       ||     1
  Use: Potion            |     3 |       ||     3
       Scroll            |     1 |     6 ||     7
Armor: Leather armour    |    36 |       ||    36
       Skin              |    12 |       ||    12
       Scale mail        |     5 |     8 ||    13
Dodge: Dodged            |    69 |     7 ||    76

Table legend: (Time is in decaauts)
 A = Elapsed time spent in this place.
 B = Non-inter-level travel time spent in this place.
 C = Inter-level travel time spent in this place.
 D = Time resting spent in this place.
 E = Time spent auto-exploring this place.
 F = Levels seen in this place.
 G = Mean time per level.
                   A        B        C        D        E       F      G
               +--------+--------+--------+--------+--------+-----+--------+
         Total |   2068 |   2068 |      0 |   1186 |     12 |   5 |  413.6 |
       Dungeon |   2059 |   2059 |      0 |   1186 |     12 |   4 |  514.8 |
         Abyss |      9 |      9 |      0 |      0 |      0 |   1 |    9.0 |
               +--------+--------+--------+--------+--------+-----+--------+

Top non-repeatable levels by time:
     D:3: 967 daAuts
     D:2: 740 daAuts
     D:1: 296 daAuts
     D:4: 54 daAuts
 Abyss:1: 9 daAuts
